 Dungeon Crawl Stone Soup version 0.30-a0-996-ga6910c8ee8 (webtiles) character file.

Game seed: 10820525199420364694

132271 jimonade the Messiah (level 17, -9/154 HPs)
             Began as a Hill Orc Monk on Apr 4, 2023.
             Was the Champion of Beogh.
             Killed from afar by a spriggan air mage (29 damage)
             ... with a bolt of lightning
             ... led by the Enchantress
             ... on level 1 of the Depths.
             The game lasted 01:37:09 (32633 turns).

jimonade the Messiah (Hill Orc Monk)               Turns: 32633, Time: 01:37:10

Health: -9/154     AC: 33    Str: 22    XL:     17   Next: 12%
Magic:  30/30      EV: 18    Int: 10    God:    Beogh [******]
Gold:   2648       SH: 22    Dex: 13    Spells: 16/16 levels left

rFire   . . .      SeeInvis .    a - +1 demon trident (elec)
rCold   + . .      Faith    .    J - +0 tower shield
rNeg    + . .      Spirit   .    O - +5 plate armour of Understanding {rN+}
rPois   .          Reflect  +    H - +2 helmet
rElec   .          Rampage  .    S - +2 cloak {rC+}
rCorr   .                        x - +2 pair of gloves
Will    +....                    o - +0 pair of boots {Stlth+} Stlth
                                 v - amulet of reflection
HPRegen 0.45/turn                X - +5 ring of evasion
MPRegen 0.22/turn                L - +5 ring of evasion

@: lethally poisoned (-9 -> -37)
A: walk on water
a: Renounce Religion, Smiting, Recall Orcish Followers, Give Item to Named
Follower, Resurrection


You were on level 1 of the Depths.
You worshipped Beogh.
Beogh was exalted by your worship.
You visited 4 branches of the dungeon, and saw 24 of its levels.
You also visited: Sewer and Ice Cave.

You collected 4670 gold pieces.
You spent 2022 gold pieces at shops.

Inventory:

Hand Weapons
 a - a +1 demon trident of electrocution (weapon)
 b - a +2 triple crossbow of freezing
 w - a +3 glaive
 I - a +7 heavy spear
Missiles
 h - a throwing net (quivered)
 B - 8 curare-tipped darts
Armour
 o - a +0 pair of boots of stealth (worn)
 x - a +2 pair of gloves (worn)
 G - a +2 plate armour of poison resistance
 H - a +2 helmet (worn)
 J - a +0 tower shield (worn)
 M - +0 ice dragon scales
 O - the +5 plate armour of Understanding (worn) {rN+}
   (You bought it in a shop on level 1 of the Depths)

   rN:        It protects you from negative energy.
 S - a +2 cloak of cold resistance (worn)
Jewellery
 e - a ring of protection from fire
 v - an amulet of reflection (around neck)
 A - the ring "Mih Xeoh" {Str+2 Int+2 Dex+6}
   (You found it on level 1 of the Depths)

   [ring of dexterity]

   Str:       It affects your strength (+2).
   Int:       It affects your intelligence (+2).
   Dex:       It affects your dexterity (+6).
 L - a +5 ring of evasion (right hand)
 R - a ring of poison resistance
 X - a +5 ring of evasion (left hand)
Wands
 m - a wand of light (11)
 q - a wand of mindburst (56)
 u - a wand of digging (8)
 F - a wand of paralysis (19)
 P - a wand of flame (55)
 U - a wand of polymorph (7)
 W - a wand of roots (20)
Scrolls
 g - 7 scrolls of enchant armour
 i - 2 scrolls of blinking
 k - 4 scrolls of enchant weapon
 n - 6 scrolls of poison
 D - 3 scrolls of fear
 K - 2 scrolls of magic mapping
 V - 10 scrolls of identify
 Y - 7 scrolls of teleportation
Potions
 c - 11 potions of ambrosia
 d - 6 potions of brilliance
 f - 10 potions of curing
 j - 3 potions of might
 l - 5 potions of lignification
 p - 4 potions of attraction
 r - a potion of berserk rage
 s - a potion of mutation
 t - 8 potions of flight
 y - 2 potions of resistance
 z - a potion of haste
 C - 4 potions of heal wounds
 E - 3 potions of magic
 T - 3 potions of invisibility
Miscellaneous
 N - a lightning rod (3/4)
 Q - a condenser vane (inert)


   Skills:
 + Level 14.4 Fighting
 + Level 15.7 Polearms
 + Level 1.7 Throwing
 + Level 13.3 Armour
 + Level 8.0 Dodging
 - Level 1.5 Stealth
 + Level 13.0 Shields
 * Level 18.6 Invocations
 * Level 5.0 Evocations


You had 16 spell levels left.
You didn't know any spells.
Your spell library contained the following spells:

 Spells                   Type           Power      Damage    Failure   Level
 Cigotuvi's Dreadful Rot  Necr/Pois/Air  0%         N/A       100%        2
 Lesser Beckoning         Tloc           0%         N/A       100%        2
 Gell's Gravitas          Tloc           0%         N/A       100%        3
 Teleport Other           Tloc           0%         N/A       100%        3
 Anguish                  Hex/Necr       0%         N/A       100%        4
 Dispel Undead            Necr           0%         3d6       100%        4
 Petrify                  Tmut/Erth      0%         N/A       100%        4
 Summon Ice Beast         Ice/Summ       0%         N/A       100%        4
 Iskenderun's Battlesphe  Conj           0%         2d6       100%        5
 Metabolic Englaciation   Hex/Ice        0%         N/A       100%        5
 Summon Mana Viper        Hex/Summ       0%         N/A       100%        5
 Conjure Ball Lightning   Conj/Air       0%         3x3d6     100%        6
 Death Channel            Necr           0%         N/A       100%        6
 Iron Shot                Conj/Erth      0%         9d1       100%        6
 Statue Form              Tmut/Erth      0%         N/A       100%        6
 Enfeeble                 Hex            0%         N/A       100%        7
 Monstrous Menagerie      Summ           0%         N/A       100%        7
 Spellforged Servitor     Conj/Summ      0%         N/A       100%        7
 Discord                  Hex            0%         N/A       100%        8
 Disjunction              Tloc           0%         N/A       100%        8


Dungeon Overview and Level Annotations

Branches:
Dungeon (15/15)            Temple (0/1) D:4            Lair (5/5) D:8
 Shoals (0/4) Lair:3        Snake (0/4) Lair:3        Slime (0/5) Lair:5
    Orc (2/2) D:12            Elf (0/3) Orc:2        Vaults (0/5) D:13
 Depths (2/4) D:15          Sewer (visited)           IceCv (visited)

Altars:
Ashenzari
Dithmenos
Fedhas
Hepliaklqana
Kikubaaqudgha
Okawaru
Qazlal
Ru
Trog
Uskayaw
Xom
Zin
Jiyva

Shops:
D:5 :[   D:8 [   D:12 [   Orc:2 (*=:[   Depths:1 *:[:?

Portals:
Hell: Depths:1
Abyss: Depths:1

Annotations:
D:8 exclusion: downstairs
D:12 5 transporters
Depths:2 Asterion


Message History

The bolt closely misses the spriggan air mage.
The spriggan defender hits you but does no damage.
You are more poisoned.
You impale the spriggan air mage!!
The spriggan air mage is severely wounded.
You feel very sick.
You block the spriggan air mage's attack.
You block the spriggan defender's attack.
Grimold shoots a bolt.
The bolt closely misses the spriggan air mage.
You miss the spriggan air mage.
The spriggan air mage is severely wounded.
You feel very sick.
The spriggan defender hits you but does no damage.
You block the spriggan air mage's attack.
You completely miss the spriggan air mage.
The spriggan air mage is severely wounded.
You feel very sick. The spriggan defender misses you.
The spriggan air mage points at you and mumbles some strange words.
The bolt of lightning hits you!!
* * * LOW HITPOINT WARNING * * *
You closely miss the spriggan air mage.
The spriggan air mage is severely wounded.
You feel very sick.
The spriggan defender hits you with a +2 demon whip of venom!
* * * LOW HITPOINT WARNING * * *
You are more poisoned.
Grimold shoots a bolt.
The bolt closely misses the spriggan air mage.
The spriggan defender hits you with a +2 demon whip of venom.
* * * LOW HITPOINT WARNING * * *
You are lethally poisoned!
You puncture the spriggan air mage!
The spriggan air mage is almost dead.
* * * LOW HITPOINT WARNING * * *
You feel very sick.
The spriggan air mage points at you and mumbles some strange words.
The bolt of lightning hits you!!
You die...

####.........# #......#####.#
#......#.....# ########
##......#.###.#### #......##
##.......#.#......# #._.....#
###........#.#..o.#.# #...#...#
#...#......#.#.)..#[# ######..#
#.##########.#.[i.#(## ##..#
.............#..@[#..######...#
....##########.i(.##.)........#
###.######+# ##...####.......##
###.##.....# #...# #########
..#.##...8.####...###
#.#.#...............########
#.#.#....>..........#......#
#.'.#..........#'####.####.#
..#.#....∩.....#.........#.#


You could see a spriggan defender, a spriggan air mage (repels missiles, ally
target) and the friendly Grimold the orc warlord.

Vanquished Creatures
  the Enchantress (Depths:1)
  A lich (Depths:1)
  2 frost giants
  A deep elf sorcerer (Depths:1)
  Louise (D:14)
  2 very ugly things (Depths:1)
  4 stone giants (Depths:1)
  A dire elephant (D:15)
  A deep elf annihilator (Depths:1)
  2 ettins (Depths:1)
  An ice dragon (Depths:1)
  A vault guard (D:13)
  3 hydras
  An ogre mage (Orc:2)
  Erica (D:8)
  A catoblepas (D:14)
  3 boulder beetles
  2 centaur warriors (D:14)
  2 deep troll earth magi (Depths:1)
  A deep troll shaman (Depths:1)
  2 tengu warriors
  8 death yaks
  7 two-headed ogres
  5 iron trolls (Depths:1)
  Amaemon (Lair:1)
  4 deep trolls (Depths:1)
  A deep elf pyromancer (D:12)
  A wolf spider (D:15)
  6 ugly things
  4 cyclopes
  4 manticores
  Joseph (D:8)
  A slime creature (D:15)
  An ice statue (IceCv)
  Maggie (D:7)
  7 cane toads
  2 gargoyles
  A kobold demonologist (D:13)
  3 rime drakes
  2 komodo dragons
  A yaktaur (shapeshifter) (D:14)
  A freezing wraith (D:13)
  2 ice devils (Lair:1)
  A merfolk (Lair:3)
  2 hornets
  4 trolls
  9 polar bears
  Prince Ribbit (D:8)
  A meliai (Lair:5)
  7 blink frogs
  Sigmund (D:3)
  An ettin zombie (Depths:1)
  2 spriggans (Lair:4)
  A shadow (D:9)
  A wraith (D:9)
  54 yaks
  6 basilisks
  4 wyverns
  A water elemental (Depths:1)
  Menkaure (D:4)
  A steam dragon (D:7)
  9 humans (D:13)
  Grum (D:8)
  4 wargs
  2 acid dragons
  9 water moccasins
  7 orc warriors
  2 black bears
  A swamp drake (Lair:5)
  3 ice beasts
  27 wolves
  2 boggarts (D:11)
  3 centaurs
  7 ogres
  3 phantoms (D:5)
  3 kobold brigands
  A gnoll sergeant (Orc:2)
  8 bullfrogs
  A cane toad simulacrum (Lair:1)
  5 scorpions
  9 wights
  7 killer bees (Lair:5)
  2 electric eels (Lair:2)
  2 hounds
  A jelly (D:4)
  4 orc priests
  A sleepcap (D:4)
  6 iguanas
  7 orc wizards
  Robin (D:2)
  15 adders
  10 gnolls
  6 river rats
  A white imp (Lair:1)
  A dart slug (D:4)
  3 worms
  20 orcs
  11 endoplasms
  3 giant cockroaches
  13 goblins
  11 hobgoblins
  19 kobolds
  2 quokkas
  12 ball pythons
  3 bats
  6 frilled lizards
  16 rats
486 creatures vanquished.

Vanquished Creatures (collateral kills)
  A juggernaut (Depths:1)
  A tentacled monstrosity (Depths:1)
  Jorgrun (D:14)
  A quicksilver dragon (Depths:1)
  A frost giant (Depths:1)
  The ghost of NinjaNoafa the Thaumaturge, a journeyman DrCj of Vehumet (Orc:2)
  2 stone giants (Depths:1)
  A deep elf demonologist (Depths:1)
  A spark wasp (Depths:1)
  4 ettins
  3 fire dragons
  An entropy weaver (shapeshifter) (D:14)
  2 ice dragons
  2 vault guards (D:13)
  6 hydras
  3 catoblepae
  2 ogre magi
  4 boulder beetles
  A tengu warrior (D:15)
  2 deep troll shamans (Depths:1)
  3 deep troll earth magi
  6 centaur warriors
  12 two-headed ogres
  3 spriggan berserkers (Depths:1)
  19 death yaks
  A hell knight (Depths:1)
  3 iron trolls (Depths:1)
  5 skeletal warriors (D:13)
  5 deep trolls
  A spark wasp zombie (Depths:1)
  2 glowing orange brains (Depths:1)
  A swamp dragon (Lair:5)
  A wizard (D:13)
  A deep elf zephyrmancer (D:14)
  3 necromancers
  6 ugly things
  An orc sorcerer (Orc:2)
  A sphinx skeleton (Depths:1)
  3 cyclopes
  A merfolk siren (Lair:3)
  An elephant (shapeshifter) (D:15)
  2 manticores (D:14)
  A black mamba (Lair:3)
  5 elephants (Lair:1)
  5 cane toads
  A kobold demonologist (D:13)
  An orange demon (Lair:1)
  2 efreet (D:14)
  An ice devil (Lair:1)
  A yaktaur (shapeshifter) (D:15)
  6 komodo dragons
  3 freezing wraiths
  A rime drake (Lair:3)
  8 trolls
  2 merfolk (Lair:3)
  4 polar bears
  2 meliai (Lair:5)
  A queen bee (Lair:5)
  21 blink frogs
  3 slime creatures (D:14)
  2 water elementals (D:12)
  18 yaks
  5 spriggans
  A wraith (D:11)
  A wyvern (Lair:1)
  A basilisk (D:14)
  9 humans (D:13)
  7 vampire mosquitoes
  A death yak simulacrum (Lair:1)
  A steam dragon (Lair:5)
  6 wargs
  4 nagas (Lair:3)
  3 acid dragons (Lair:5)
  8 water moccasins
  A floating eye (Depths:1)
  17 ogres
  4 orc warriors
  2 boggarts (D:11)
  8 wolves
  3 centaurs (D:15)
  2 kobold brigands
  A gnoll sergeant (Orc:2)
  3 bullfrogs
  A cane toad simulacrum (Lair:1)
  16 killer bees (Lair:5)
  An elephant simulacrum (Lair:1)
  2 electric eels
  A howler monkey (D:12)
  4 orc priests
  5 orc wizards
  An iguana (Lair:5)
  A spriggan simulacrum (Lair:1)
  A troll simulacrum (Lair:1)
  3 gnolls (Orc:2)
  17 orcs
  3 kobolds
  A bush (Lair:4)
  3 butterflies (Lair:5)
  A plant (Lair:4)
358 creatures vanquished.

Vanquished Creatures (others)
  An orc warlord (Depths:1)
  A stone giant (Depths:1)
  A spriggan defender (Depths:2)
  An orc high priest (D:14)
  A deep troll earth mage (Depths:1)
  6 orc knights
  10 orc wizards
  An ice beast (D:7)
  12 orc warriors
  A boggart (D:14)
  4 orc priests
  A white imp (D:5)
  32 orcs
  40 fungi
  69 plants
181 creatures vanquished.

Grand Total: 1025 creatures vanquished

Notes
Turn   | Place    | Note
-------+----------+-------------------------------------------
     0 | D:1      | jimonade the Hill Orc Monk began the quest for the Orb.
     0 | D:1      | Reached XP level 1. HP: 19/19 MP: 1/1
   463 | D:1      | Reached XP level 2. HP: 24/27 MP: 2/2
   513 | D:1      | Found a faded altar of an unknown god.
  1014 | D:2      | Reached skill level 1 in Invocations
  1115 | D:2      | Reached XP level 3. HP: 21/33 MP: 3/3
  1634 | D:3      | Found a glowing drain.
  1643 | D:3      | Reached XP level 4. HP: 40/40 MP: 5/5
  1669 | Sewer    | Entered a sewer
  1683 | Sewer    | Reached skill level 2 in Invocations
  1723 | Sewer    | Reached skill level 1 in Armour
  2020 | Sewer    | Reached XP level 5. HP: 47/47 MP: 5/7
  2028 | Sewer    | Reached skill level 3 in Invocations
  2485 | D:3      | Noticed Robin
  2593 | D:2      | Killed Robin
  2688 | D:3      | Reached XP level 6. HP: 53/53 MP: 8/8
  2850 | D:3      | Noticed Sigmund
  2855 | D:3      | Killed Sigmund
  2856 | D:3      | Reached skill level 5 in Fighting
  2856 | D:3      | Reached skill level 5 in Polearms
  2856 | D:3      | Reached skill level 4 in Invocations
  2963 | D:3      | Found a blossoming altar of Fedhas.
  3561 | D:3      | Reached XP level 7. HP: 46/61 MP: 6/10
  3801 | D:4      | Found a stormy altar of Qazlal.
  3991 | D:4      | Reached skill level 5 in Invocations
  4285 | D:4      | Noticed Menkaure
  4329 | D:4      | Identified the +12 dagger "Mest" {venom, rC- rN+ Str+3
                  | Int+3}
  4412 | D:4      | Found a staircase to the Ecumenical Temple.
  4479 | D:4      | Killed Menkaure
  4480 | D:4      | Reached XP level 8. HP: 60/70 MP: 6/12
  4857 | D:5      | Entered Level 5 of the Dungeon
  4904 | D:5      | Found Wozoxian's Book Boutique.
  4978 | D:5      | Found a glowing silver altar of Zin.
  4982 | D:5      | Found an ancient bone altar of Kikubaaqudgha.
  4982 | D:5      | Found a shimmering altar of Xom.
  4991 | D:5      | Found a sacrificial altar of Ru.
  5055 | D:5      | Noticed Blork the orc
  5057 | D:5      | Became a worshipper of Beogh the Brigand
  5057 | D:5      | Reached * piety under Beogh
  5057 | D:5      | Reached ** piety under Beogh
  5083 | D:5      | Reached skill level 6 in Invocations
  5143 | D:5      | Found a broken altar of Ashenzari.
  5143 | D:5      | Found a hide-covered altar of Uskayaw.
  5227 | D:5      | Reached skill level 5 in Armour
  5677 | D:5      | Found Zelyme's Antique Armour Emporium.
  5704 | D:5      | Bought a runed chain mail for 202 gold pieces
  5717 | D:5      | Bought a pair of glowing boots for 202 gold pieces
  5853 | D:5      | Bought a glowing helmet for 202 gold pieces
  6229 | D:6      | Reached XP level 9. HP: 26/77 MP: 11/14
  6468 | D:6      | Reached skill level 7 in Invocations
  7412 | D:7      | Noticed Maggie
  7422 | D:7      | Reached skill level 1 in Shields
  7433 | D:7      | Killed Maggie
  7726 | D:7      | Reached skill level 8 in Invocations
  8532 | D:7      | Reached XP level 10. HP: 79/86 MP: 13/16
  8794 | D:7      | Reached *** piety under Beogh
  8949 | D:8      | Noticed Grum
  8956 | D:8      | Killed Grum
  9203 | D:8      | Noticed Erica
  9228 | D:8      | Killed Erica
  9229 | D:8      | Reached skill level 10 in Polearms
  9229 | D:8      | Reached skill level 9 in Invocations
  9392 | D:8      | Noticed a two-headed ogre
  9406 | D:8      | Killed a two-headed ogre
  9653 | D:8      | Found a shadowy altar of Dithmenos.
  9665 | D:8      | Noticed Prince Ribbit
  9672 | D:8      | Noticed Joseph
  9680 | D:8      | Killed Prince Ribbit
  9681 | D:8      | Reached XP level 11. HP: 89/95 MP: 16/18
  9700 | D:8      | Killed Joseph
  9701 | D:8      | Reached skill level 10 in Invocations
  9777 | D:8      | Found a staircase to the Lair.
  9790 | D:8      | Reached skill level 5 in Shields
  9869 | D:8      | Found Amoyck's Armour Boutique.
  9874 | D:8      | You fall into a shaft and drop 2 floors!
  9874 | D:10     | Entered Level 10 of the Dungeon
  9911 | D:9      | Found an iron altar of Okawaru.
  9950 | D:9      | Identified the +5 quarterstaff of Aweuklycs {heavy, rN+
                  | Int+5}
 10079 | D:9      | Identified the +1 scale mail of the Fife {rN+ Str+4}
 10803 | D:9      | Noticed a two-headed ogre
 10813 | D:9      | Killed a two-headed ogre
 11283 | D:10     | Reached **** piety under Beogh
 11284 | D:10     | Reached skill level 1 in Throwing
 12254 | D:11     | Noticed a manticore
 12264 | D:11     | Killed a manticore
 12272 | D:11     | Reached skill level 11 in Invocations
 12360 | D:11     | Noticed a boulder beetle
 12372 | D:11     | Killed a boulder beetle
 12781 | D:11     | Noticed a two-headed ogre
 12788 | D:11     | Killed a two-headed ogre
 12789 | D:11     | Reached XP level 12. HP: 104/104 MP: 17/20
 12794 | D:11     | Identified the +5 flail "Viyd" {venom, rN+ Str+3 Int-4
                  | Dex+3 Stlth+}
 12884 | D:11     | Noticed a two-headed ogre
 12911 | D:11     | Noticed a two-headed ogre
 12929 | D:11     | Reached skill level 5 in Dodging
 12951 | D:11     | Killed a two-headed ogre
 13120 | D:12     | Found a transporter.
 13124 | D:12     | Found a transporter.
 13195 | D:12     | Gained Bogric as an ally
 13259 | D:12     | Noticed a boulder beetle
 13273 | D:12     | Killed a boulder beetle
 13297 | D:12     | Found a transporter.
 13298 | D:12     | Found a transporter.
 13481 | D:12     | Found a transporter.
 13483 | D:12     | Found a transporter.
 13514 | D:12     | Reached ***** piety under Beogh
 13528 | D:12     | Found a staircase to the Orcish Mines.
 13543 | D:12     | Gained Ugrim as an ally
 13928 | D:12     | Found Acasinnu's Armour Boutique.
 13949 | D:12     | Noticed a two-headed ogre
 13953 | D:12     | Killed a two-headed ogre
 14152 | Lair:1   | Entered Level 1 of the Lair of Beasts
 14172 | Lair:1   | Reached skill level 12 in Invocations
 14193 | Lair:1   | Noticed Amaemon
 14201 | Lair:1   | Killed Amaemon
 14337 | Lair:1   | Noticed a boulder beetle
 14338 | Lair:1   | Gained Milork as an ally
 14349 | Lair:1   | Killed a boulder beetle
 14350 | Lair:1   | Reached skill level 10 in Fighting
 14483 | Lair:1   | Reached XP level 13. HP: 112/113 MP: 16/22
 14920 | Lair:1   | Reached skill level 13 in Invocations
 15785 | Lair:2   | Your ally Bogric died
 16995 | Lair:3   | Found a staircase to the Snake Pit.
 17006 | Lair:3   | Reached skill level 14 in Invocations
 17277 | Lair:3   | Found a staircase to the Shoals.
 17421 | Lair:3   | Reached ****** piety under Beogh
 17694 | Lair:3   | Found a frozen archway.
 17696 | Lair:3   | Noticed an ice dragon
 17709 | Lair:3   | Reached skill level 10 in Armour
 17728 | Lair:3   | Gained Grimold as an ally
 17739 | Lair:3   | Killed an ice dragon
 17754 | IceCv    | Entered an ice cave
 18078 | IceCv    | Identified the +11 sling of Duty {heavy, Drain rF- rN+++
                  | SInv}
 18108 | IceCv    | Reached XP level 14. HP: 123/124 MP: 22/24
 18164 | IceCv    | Identified the +2 short sword of the Jester {heavy, Str-4
                  | Int+8}
 18792 | IceCv    | Noticed a frost giant
 18814 | IceCv    | Killed a frost giant
 18829 | IceCv    | Reached skill level 15 in Invocations
 19949 | Lair:4   | Reached skill level 10 in Shields
 21096 | Lair:5   | Entered Level 5 of the Lair of Beasts
 21143 | Lair:5   | Identified the +0 leather armour of the True Pharaoh {rC+
                  | Str+5 Dex-2}
 21448 | Lair:5   | Gained Ognian as an ally
 22225 | Lair:5   | Reached XP level 15. HP: 130/134 MP: 24/26
 22315 | Lair:5   | Found a viscous altar of Jiyva.
 22315 | Lair:5   | Found a staircase to the Slime Pits.
 22640 | D:5      | Found Wozoxian's Book Boutique.
 22699 | D:5      | Found Zelyme's Antique Armour Emporium.
 22760 | D:5      | Found a sacrificial altar of Ru.
 22928 | D:5      | Found a broken altar of Ashenzari.
 22928 | D:5      | Found a hide-covered altar of Uskayaw.
 23296 | D:5      | Found a broken altar of Ashenzari.
 23296 | D:5      | Found a hide-covered altar of Uskayaw.
 23419 | D:5      | Found an ancient bone altar of Kikubaaqudgha.
 23422 | D:5      | Found a glowing silver altar of Zin.
 23422 | D:5      | Found a sacrificial altar of Ru.
 23425 | D:5      | Found a shimmering altar of Xom.
 23453 | D:5      | Found Zelyme's Antique Armour Emporium.
 23465 | D:5      | Found Wozoxian's Book Boutique.
 24009 | Orc:1    | Entered Level 1 of the Orcish Mines
 24183 | Orc:1    | Found a bloodstained altar of Trog.
 24461 | Orc:2    | Entered Level 2 of the Orcish Mines
 24463 | Orc:2    | Found Xuoc's Assorted Antiques.
 24464 | Orc:2    | Found Wiaqeiga's Jewellery Shoppe.
 24478 | Orc:2    | Reached skill level 16 in Invocations
 24485 | Orc:2    | Found Jairchage's Armour Shoppe.
 24497 | Orc:2    | Reached skill level 15 in Polearms
 24497 | Orc:2    | Found Mudug's Weapon Shop.
 24571 | Orc:2    | Found a staircase to the Elven Halls.
 24602 | Orc:2    | Found Iprutaet's Book Emporium.
 24699 | Orc:2    | Noticed NinjaNoafa's ghost (journeyman DrCj)
 24703 | Orc:2    | Found a transporter.
 24713 | Orc:2    | Found a transporter.
 24815 | Orc:2    | Killed NinjaNoafa's ghost
 26468 | D:13     | Identified the +7 flail "Tobbaodu" {flame, Fragile rC+++
                  | Will+ rCorr}
 26507 | D:13     | Found a gate to the Vaults.
 27072 | D:14     | Gained Marbaugh as an ally
 27077 | D:14     | Reached skill level 17 in Invocations
 27415 | D:14     | Your ally Ugrim died
 27435 | D:14     | Reached skill level 1 in Evocations
 27459 | D:14     | Your ally Ognian died
 27696 | D:14     | Noticed Louise
 27722 | D:14     | Killed Louise
 27876 | D:14     | Reached XP level 16. HP: 126/144 MP: 25/28
 27877 | D:14     | Noticed Jorgrun
 27884 | D:14     | HP: 7/144 [constriction (14)]
 27888 | D:14     | Killed Jorgrun
 28237 | D:14     | Found a shimmering altar of Xom.
 28600 | D:15     | Entered Level 15 of the Dungeon
 28867 | D:15     | Found a staircase to the Depths.
 29445 | Depths:1 | Entered Level 1 of the Depths
 29450 | Depths:1 | Found Yxoici's Magic Scroll Shoppe.
 29454 | Depths:1 | Bought a scroll of acquirement for 520 gold pieces
 29454 | Depths:1 | Acquired 1203 gold pieces
 29489 | Depths:1 | Found Wuilus's Antique Armour Emporium.
 29508 | Depths:1 | Bought a jewelled plate armour for 896 gold pieces
 29508 | Depths:1 | Identified the +5 plate armour of Understanding {rN+} (You
                  | bought it in a shop on level 1 of the Depths)
 29924 | Depths:1 | Reached skill level 18 in Invocations
 30051 | Depths:1 | Noticed a quicksilver dragon
 30051 | Depths:1 | Noticed a juggernaut
 30051 | Depths:1 | Noticed a tentacled monstrosity
 30057 | Depths:1 | Killed a quicksilver dragon
 30060 | Depths:1 | Killed a juggernaut
 30065 | Depths:1 | Your ally Milork died
 30067 | Depths:1 | Your ally Marbaugh died
 30076 | Depths:1 | Killed a tentacled monstrosity
 30381 | Depths:1 | Identified the +1 chain mail of Yqessac {Fly rC- rN+++
                  | Dex-4}
 30433 | Depths:1 | Found a gateway to Hell.
 30458 | Depths:1 | Acquired an amulet of reflection
 30492 | Depths:1 | Found a one-way gate to the infinite horrors of the Abyss.
 30494 | Depths:1 | Found Fabo's General Store.
 30536 | Depths:1 | Found Zytremar's Book Shop.
 30626 | Depths:1 | Noticed a lich
 30645 | Depths:1 | Killed a lich
 30979 | Depths:1 | Identified the ring "Mih Xeoh" {Str+2 Int+2 Dex+6}
 30983 | Depths:1 | Identified the +0 leather armour of Mutualism {rN+ Regen+}
 31206 | Depths:1 | Your ally Marbaugh died
 31532 | Depths:1 | Found a hazy altar of Hepliaklqana.
 31569 | Depths:1 | Reached XP level 17. HP: 106/154 MP: 30/30
 31686 | Depths:1 | Found Toidunn's Book Shoppe.
 32240 | Depths:2 | Noticed Asterion
 32240 | Depths:2 | Noticed the Enchantress
 32248 | Depths:1 | Killed the Enchantress
 32249 | Depths:1 | Reached skill level 5 in Evocations
 32633 | Depths:1 | Killed from afar by a spriggan air mage

Illustrated notes

Levels and vault maps discovered:
D:1:      eino_arrival_water_star, layout_loops_corners,
          shapermc_ecumenical_altar_ellora
D:2:      layout_basic, minmay_misc_feat_iff
D:3:      layout_basic, mainiacjoe_overflow_tiny_flanked, portal_sewer_entry_a,
          uniq_robin, uniq_sigmund
D:4:      minmay_polygon_palace, layout_rooms,
          mainiacjoe_overflow_surrounded_room, minmay_temple_entry_junction,
          uniq_menkaure
D:5:      layout_gridville, grunt_temple_overflow_open, minitemple,
          serial_shops, nicolae_shop_hallway_stairs, nicolae_diamond_shop,
          minmay_checkerbox, uniq_blork_the_orc
D:6:      layout_layer_cave
D:7:      layout_gridville, uniq_maggie
D:8:      layout_rooms, nicolae_dithmenos_through_a_glass_darkly,
          minmay_lair_entry_grove, serial_shops, shop_fountains, uniq_grum,
          uniq_erica, uniq_prince_ribbit1, uniq_joseph
D:9:      layout_stronghold, mainiacjoe_overflow_small_starburst,
          hangedman_abyss_or_decor_passed, grunt_decor_clamped
D:10:     layout_gridville
D:11:     layout_roguey
D:12:     layout_gridville, erik_orc_2, serial_shops, nicolae_shop_stone,
          serial_nicolae_subway, nicolae_sub_station_stone,
          nicolae_sub_station_crystal, nicolae_sub_station_metal
D:13:     layout_loops_corners, grunt_vaults_entry_tiered
D:14:     nzn_winding_woodlands_small [nzn_winding_woodlands_5x15_sawtooth,
          nzn_winding_woodlands_center_pierced_h,
          nzn_winding_woodlands_5x15_split_checker], layout_gridville,
          xom_teletrap_fun, uniq_louise, uniq_jorgrun
D:15:     hangedman_depths_entry_try_elsewhere_first, layout_cave_pools,
          minivault_23
Lair:1:   dreamdust_isle_of_ice, layout_chaotic_city, grunt_megastairs_3,
          uniq_amaemon
Lair:2:   layout_small_grid, serial_bayou_lagoon_b, serial_bayou_shore_b
Lair:3:   layout_cave_pods, elwin_shoals_entry_stream,
          minmay_snake_entry_guardpost_small,
          portal_ice_cave_entry_animals_and_master
Lair:4:   layout_cave_pods, wad_woods_01, grunt_megastairs_5
Lair:5:   guppyfry_lair_end_dragon, layout_cave_pods, dpeg_slime_entry_corner,
          special_room [special_room_bee], lemuel_fruit_fields
Orc:1:    layout_diamond_mine, basic_altar, nooodl_orcs_dogs
Orc:2:    st_orc_open, layout_caves, serial_shops, shop, gammafunk_ghost_arena
Depths:1: minmay_the_grid_net [minmay_the_grid_outer_diamond,
          minmay_the_grid_large_cup, minmay_the_grid_tri_star,
          minmay_the_grid_small_cups, minmay_the_grid_fan,
          minmay_the_grid_prize_big_room], layout_basic, hell_entry,
          nicolae_hepliaklqana_hippocampus, serial_shops, nicolae_shop_crystal,
          shop, nicolae_shop_statue_plus, shop, shop_statue,
          serial_co_window_serial, co_window_corner_a, co_window_corner_a,
          co_window_of_opportunity_a, co_window_paths_b, co_window_corner_a,
          co_window_paths_a, co_window_corner_a, co_window_2corner,
          co_window_corner_ca, co_window_paths_e,
          nicolae_abyss_entry_one_way_or_another
Depths:2: dreamdust_cat_pyramid, layout_cave_pools, fedhas_altar_4,
          serial_shops, nicolae_shop_stone, grunt_mini_vestibule,
          rand_demon_pan_entry_9, uniq_asterion, uniq_enchantress,
          uniq_josephina

Skill      XL: |  1  2  3  4  5  6  7  8  9 10 11 12 13 14 15 16 17 |
---------------+----------------------------------------------------+-----
Invocations    | 1 2 3 4 5 6 8 9 11 12 14 15 17 18 | 18.6
Fighting       | 4 5 6 7 8 9 10 11 12 13 14 | 14.4
Polearms       | 4 5 6 8 9 10 11 13 14 15 | 15.7
Armour         | 1 2 3 4 5 7 8 9 10 11 12 13 | 13.3
Dodging        | 3 4 5 6 7 8 |  8.0
Shields        | 2 4 6 8 9 10 11 12 13 | 13.0
Throwing       | 1 |  1.7
Evocations     | 1 4 5 |  5.0
Stealth        | |  1.5

Action                     |  1- 3 |  4- 6 |  7- 9 | 10-12 | 13-15 | 16-18 || total
---------------------------+-------+-------+-------+-------+-------+-------++-------
  Melee: Spear             |   128 |   219 |   206 |   473 |   819 |       ||  1845
         Punch             |     3 |     3 |     1 |       |       |       ||     7
         Demon trident     |       |       |       |       |     8 |   338 ||   346
  Throw: Stone             |       |       |     1 |       |       |       ||     1
         Dart              |       |       |       |     7 |       |       ||     7
 Invoke: Convert to Beogh  |       |       |     1 |       |       |       ||     1
         Recall Orcish Fol |       |       |       |    15 |    67 |     1 ||    83
         Smiting           |       |       |       |     3 |     4 |     3 ||    10
         Give Item to Name |       |       |       |     1 |     5 |       ||     6
         Stop Recall       |       |       |       |       |     1 |       ||     1
         Resurrection      |       |       |       |       |       |     1 ||     1
  Evoke: Lightning rod     |       |       |       |     1 |       |     1 ||     2
         Condenser vane    |       |       |       |       |       |     1 ||     1
    Use: Scroll            |     6 |     3 |    10 |     6 |     4 |     2 ||    31
         Potion            |       |       |       |     1 |     1 |     3 ||     5
   Stab: Sleeping          |     2 |       |     1 |     2 |     2 |       ||     7
         Distracted        |       |       |       |     3 |     8 |     6 ||    17
         Confused          |       |       |       |     1 |       |       ||     1
 Armour: Robe              |     2 |       |       |       |       |       ||     2
         Chain mail        |    45 |    91 |    59 |       |       |       ||   195
         Swamp dragon scal |       |       |    14 |   122 |    10 |       ||   146
         Ring mail         |       |       |       |       |    23 |       ||    23
         Ice dragon scales |       |       |       |       |   122 |     5 ||   127
         Plate armour      |       |       |       |       |       |   109 ||   109
  Dodge: Dodged            |    38 |    76 |    67 |   214 |   303 |   120 ||   818
  Block: Buckler           |       |       |    31 |   158 |   193 |       ||   382
         Tower shield      |       |       |       |       |     4 |   272 ||   276
         Reflection        |       |       |       |       |       |     1 ||     1

Table legend: (Time is in decaauts)
 A = Elapsed time spent in this place.
 B = Non-inter-level travel time spent in this place.
 C = Inter-level travel time spent in this place.
 D = Time resting spent in this place.
 E = Time spent auto-exploring this place.
 F = Levels seen in this place.
 G = Mean time per level.
                   A        B        C        D        E       F      G
               +--------+--------+--------+--------+--------+-----+--------+
         Total |  32426 |  30648 |   1778 |   5923 |  13517 |  26 | 1247.2 |
       Dungeon |  19294 |  17986 |   1308 |   2865 |   9498 |  15 | 1286.3 |
          Lair |   6826 |   6417 |    409 |   1132 |   2257 |   5 | 1365.2 |
  Orcish Mines |   1055 |   1008 |     47 |      0 |    571 |   2 |  527.5 |
        Depths |   3149 |   3136 |     13 |   1223 |    982 |   2 | 1574.5 |
         Sewer |    768 |    768 |      0 |    256 |     50 |   1 |  768.0 |
      Ice Cave |   1331 |   1331 |      0 |    447 |    159 |   1 | 1331.0 |
               +--------+--------+--------+--------+--------+-----+--------+

Top non-repeatable levels by time:
Depths:1: 3131 daAuts
     D:5: 2482 daAuts
    D:13: 1920 daAuts
     D:7: 1697 daAuts
    D:14: 1516 daAuts
  Lair:1: 1504 daAuts
  Lair:3: 1478 daAuts
     D:6: 1414 daAuts
   IceCv: 1331 daAuts
     D:4: 1312 daAuts
  Lair:4: 1304 daAuts
  Lair:2: 1296 daAuts
  Lair:5: 1243 daAuts
     D:3: 1229 daAuts
     D:9: 1156 daAuts
